 Dungeon Crawl Stone Soup version 0.19-a0-1608-g4cf22de (webtiles) character file.

145 Amnesiac the Twirler (level 5, 0/38 HPs)
             Began as a Mummy Gladiator on Sept 18, 2016.
             Slain by Pikel
             ... wielding a +1 whip of freezing
              (5 damage)
             ... on level 4 of the Dungeon.
             The game lasted 00:03:12 (771 turns).

Amnesiac the Twirler (Mummy Gladiator)               Turns: 771, Time: 00:03:13

Health: 0/38       AC:  6    Str: 19    XL:     5   Next: 6%
Magic:  5/5        EV: 12    Int:  7    God:
Gold:   131        SH:  0    Dex: 13    Spells: 0 memorised, 4 levels left

rFire  x . .     SeeInvis .     a - +0 quarterstaff
rCold  + . .     Gourm    .     b - +0 leather armour
rNeg   + + +     Faith    .     (shield currently unavailable)
rPois  ∞         Spirit   .     c - +1 helmet
rElec  .         Dismiss  .     (no cloak)
rCorr  .         Reflect  .     i - +0 pair of gloves
MR     .....     Harm     .     (no boots)
Stlth  ++........ Rnd*Tele +    e - amulet of rage
                                f - ring of stealth
                                h - ring of teleportation (curse)

@: no status effects
A: no food or potions, fire vulnerability, cold resistance 1, negative energy
resistance 3, torment resistance, unbreathing
a: no special abilities


You were on level 4 of the Dungeon.
You were not hungry.

You visited 1 branch of the dungeon, and saw 4 of its levels.

You collected 131 gold pieces.

Inventory:

Hand Weapons
 a - a +0 quarterstaff (weapon)
 d - a +0 giant club
 g - a +2 whip of flaming
Armour
 b - a +0 leather armour (worn)
 c - a +1 helmet (worn)
 i - a +0 pair of gloves (worn)
Jewellery
 e - an amulet of rage (around neck)
 f - a ring of stealth (right hand)
 h - a cursed ring of teleportation (left hand)
Wands
 j - a wand of disintegration (9/24)


   Skills:
 - Level 2.0 Fighting
 + Level 4.8 Staves
 - Level 1.6 Throwing
 - Level 2.4 Dodging


You had 4 spell levels left.
You didn't know any spells.

Dungeon Overview and Level Annotations

Branches:
Dungeon (4/15)
 Temple: D:4-7

Altars:
The Shining One

Annotations:
D:4 Pikel


Innate Abilities, Weirdness & Mutations

You do not eat or drink.
Your flesh is vulnerable to fire.
You are immune to poison.
Your flesh is cold resistant. (rC+)
You are immune to negative energy. (rN+++)
You are immune to unholy pain and torment.
You can survive without breathing.


Message History

You have reached level 5!
You feel stronger.
Press: ? - help, v - describe, . - travel, g - get item
Here: Pikel, wielding a whip of freezing and wearing a glowing robe A giant club.
There is something else lying underneath.
A stone staircase leading down.
Unknown command.
You open the door. Pikel hits you with a whip of freezing.
* * * LOW HITPOINT WARNING * * *
Pikel freezes you.
* * * LOW HITPOINT WARNING * * *
There is an open door here.
There is an open door here.
There is a stone staircase leading down here.
Things that are here:
a giant club; an ogre corpse
d - a giant club Pikel hits you with a whip of freezing.
You die...

#..## ##.......###....###.#
##...####.........####...##.##
#.......'.........p..p........
##...####.........####......##
#..## ##......p## ##.##### #.#
##.....## ###.###### #.
##..p## #........# .. ##K##
#.#.####.# .## #@# #.#p####.#
#. #.# #.#p..##.# ##.##
#..%.....# #####...##
#####.#### #.......p### #p#
###..........# #p#
.........#...#######.#
###.....##...pp.pp...#
#.........##########


You could see Pikel and 3 slaves.

Vanquished Creatures
  An ogre (D:4)
  A worker ant (D:4)
  An ooze (D:2)
  A worm (D:2)
  2 leopard geckos (D:1)
  2 giant cockroaches
  2 goblins (D:2)
  2 hobgoblins
  5 jackals
  2 bats
  4 frilled lizards (D:2)
  4 kobolds
  4 rats
31 creatures vanquished.

Notes
Turn   | Place    | Note
-------+----------+-------------------------------------------
     0 | D:1      | Amnesiac the Mummy Gladiator began the quest for the Orb.
     0 | D:1      | Reached XP level 1. HP: 16/16 MP: 1/1
   179 | D:1      | Reached XP level 2. HP: 22/22 MP: 2/2
   181 | D:1      | Reached skill level 3 in Staves
   234 | D:2      | Found a glowing golden altar of the Shining One.
   394 | D:2      | Reached XP level 3. HP: 22/27 MP: 3/3
   704 | D:4      | Noticed an ogre
   709 | D:4      | Noticed Pikel
   709 | D:4      | Noticed a slave
   709 | D:4      | Noticed a slave
   726 | D:4      | Noticed a slave
   727 | D:4      | Noticed a slave
   735 | D:4      | Killed an ogre
   735 | D:4      | Reached skill level 4 in Staves
   735 | D:4      | Reached XP level 4. HP: 7/33 MP: 4/4
   735 | D:4      | Reached XP level 5. HP: 8/38 MP: 5/5
   771 | D:4      | Slain by Pikel

Vault maps used:
D:1:      mrwooster_arrival_statue_2
D:2:      kennysheep_goblin_castle, nicolae_overflow_crystal_walls, first_bread,
          kennysheep_small_spiral, uniq_robin
D:3:      uniq_natasha
D:4:      lightli_minifort, uniq_pikel

Skill      XL: |  1  2  3 |
---------------+----------+-----
Staves         | 3 4 |  4.8
Fighting       | |  2.0
Throwing       | |  1.6
Dodging        | |  2.4

Action                   |  1- 3 |  4- 6 || total
-------------------------+-------+-------++-------
Melee: Whip              |    11 |       ||    11
       Quarterstaff      |    86 |       ||    86
Throw: Throwing net      |     3 |       ||     3
  Use: Scroll            |     4 |       ||     4
 Stab: Held in net/web   |     1 |       ||     1
       Sleeping          |     1 |       ||     1
Armor: Leather armour    |    25 |       ||    25
Dodge: Dodged            |    78 |       ||    78
